 Dungeon Crawl Stone Soup version 0.19.0-2-gae57169 (webtiles) character file.

277 Jerry the Shield-Bearer (level 6, -10/48 HPs)
             Began as a Formicid Fighter on Nov 5, 2016.
             Mangled by an ogre
             ... wielding a +0 giant club
              (11 damage)
             ... on level 4 of the Dungeon.
             The game lasted 00:08:47 (2603 turns).

Jerry the Shield-Bearer (Formicid Fighter)          Turns: 2603, Time: 00:08:48

Health: -10/48     AC:  7    Str: 21    XL:     6   Next: 51%
Magic:  6/6        EV:  8    Int:  7    God:
Gold:   155        SH: 10    Dex: 12    Spells: 0 memorised, 5 levels left

rFire  . . .     SeeInvis +     a - +0 long sword
rCold  . . .     Gourm    .     b - +0 scale mail
rNeg   . . .     Faith    .     c - +0 shield
rPois  .         Spirit   .     (helmet unavailable)
rElec  .         Reflect  .     (no cloak)
rCorr  .         Harm     .     (no gloves)
MR     +....                    (no boots)
Stlth  ..........               (no amulet)
                                (no ring)
                                r - ring of protection from magic

@: no status effects
A: permanent stasis, dig shafts and tunnels, four strong arms, antennae 3
a: Dig, Shaft Self


You were on level 4 of the Dungeon.
You were not hungry.

You visited 1 branch of the dungeon, and saw 4 of its levels.

You collected 155 gold pieces.

Inventory:

Hand Weapons
 a - a +0 long sword (weapon)
Missiles
 o - 3 tomahawks (quivered)
Armour
 b - a +0 scale mail (worn)
 c - a +0 shield (worn)
Jewellery
 r - a ring of protection from magic (left hand)
Scrolls
 d - a scroll of fear {unknown}
 e - a scroll of enchant armour {unknown}
 g - 5 scrolls of fog {unknown}
 i - 4 scrolls of identify {unknown}
 j - a scroll of teleportation {unknown}
 s - a scroll of magic mapping {unknown}
 t - a scroll of immolation {unknown}
Potions
 k - a potion of curing {unknown}
 m - a potion of lignification {unknown}
 n - a potion of mutation {unknown}
 q - a potion of berserk rage {unknown}
Comestibles
 f - 3 bread rations
 h - a meat ration
 l - 2 fruits
 p - 3 chunks of flesh


   Skills:
 - Level 4.0 Fighting
 + Level 3.5 Long Blades
 + Level 5.0 Armour
 + Level 5.5 Shields


You had 5 spell levels left.
You didn't know any spells.

Dungeon Overview and Level Annotations

Branches:
Dungeon (4/15)
 Temple: D:4-7

Altars:
Zin


Innate Abilities, Weirdness & Mutations

You are under a permanent stasis effect.
You can dig through walls and to a lower floor.
Your four strong arms can wield two-handed weapons with a shield.
You have a pair of large antennae on your head. (SInv)


Message History

The ogre hits you with a giant club!
You hit the ogre.
The ogre is moderately wounded.
The ogre barely misses you.
You riposte.
You hit the ogre.
The ogre is heavily wounded.
Your shield prevents you from hitting the ogre.
The ogre is heavily wounded.
The ogre hits you with a giant club!!
* * * LOW HITPOINT WARNING * * *
You hit the ogre.
The ogre is severely wounded.
You block the ogre's attack.
You hit the ogre.
The ogre is severely wounded.
The ogre hits you with a giant club.
* * * LOW HITPOINT WARNING * * *
You slash the ogre!
The ogre is almost dead.
The ogre hits you with a giant club!
You die...

........#
......>.#
........#######
......... #%..#
......[.( #...# .
........###{g.#
...
..[...$†.[##g##..#
.......÷<.@Og....#
.....#######.#####
... #... . ###..#
#... ##.# #


You could see an ogre and 2 goblins.

Vanquished Creatures
  A hound (D:4)
  Terence (D:3)
  Jessica (D:3)
  7 gnolls
  5 adders
  4 dart slugs
  A leopard gecko (D:1)
  5 orcs
  A ball python (D:3)
  2 bats
  5 giant cockroaches
  11 goblins
  6 hobgoblins
  7 jackals (D:3)
  A quokka (D:2)
  4 frilled lizards
  3 kobolds
  8 rats
73 creatures vanquished.

Notes
Turn   | Place    | Note
-------+----------+-------------------------------------------
     0 | D:1      | Jerry the Formicid Fighter began the quest for the Orb.
     0 | D:1      | Reached XP level 1. HP: 18/18 MP: 1/1
   142 | D:1      | Reached XP level 2. HP: 24/24 MP: 2/2
   610 | D:1      | You fall through a shaft!
   613 | D:2      | Reached XP level 3. HP: 27/29 MP: 3/3
  1116 | D:2      | Reached XP level 4. HP: 27/37 MP: 4/4
  1448 | D:2      | Reached XP level 5. HP: 26/42 MP: 5/5
  1977 | D:3      | Noticed Terence
  1989 | D:3      | Killed Terence
  2144 | D:3      | Found a glowing silver altar of Zin.
  2351 | D:3      | Reached skill level 5 in Shields
  2358 | D:3      | Reached XP level 6. HP: 36/48 MP: 6/6
  2476 | D:3      | Noticed Jessica
  2481 | D:3      | Killed Jessica
  2542 | D:4      | Reached skill level 5 in Armour
  2582 | D:4      | Noticed an ogre
  2602 | D:4      | HP: 1/48 [ogre/giant club (5)]
  2603 | D:4      | Mangled by an ogre

Skill      XL: |  1  2  3  4  5  6 |
---------------+-------------------+-----
Shields        | 4 5 |  5.5
Armour         | 4 5 |  5.0
Fighting       | 4 |  4.0
Long Blades    | 3 |  3.5

Action                   |  1- 3 |  4- 6 || total
-------------------------+-------+-------++-------
Melee: Long sword        |    63 |   171 ||   234
  Use: Potion            |       |     1 ||     1
  Eat: Chunk             |     1 |     5 ||     6
Armor: Scale mail        |    21 |    53 ||    74
Dodge: Dodged            |     9 |    60 ||    69
Block: Shield            |    34 |    89 ||   123
       Rpst.: Long sword |     3 |    18 ||    21
